 Dungeon Crawl Stone Soup version 0.32-a0-540-g866d13106e (webtiles) character file.

Game seed: 1023779798952154647

9 ezpacito the Trooper (level 2, 24/24 HPs)
             Began as a Demonspawn Chaos Knight on Feb 29, 2024.
             Was a Plaything of Xom.
             Quit the game on level 1 of the Dungeon.
             The game lasted 00:00:35 (223 turns).

ezpacito the Trooper (Demonspawn Chaos Knight)       Turns: 223, Time: 00:00:35

Health: 24/24      AC:  5    Str: 12    XL:     2   Next: 3%
Magic:  2/2        EV: 11    Int: 12    God:    Xom [.*....]
Gold:   9          SH:  0    Dex: 12    Spells: 1/1 levels left

rFire   . . .        a - +0 hand axe (chaos)
rCold   . . .        (no shield)
rNeg    . . .        b - +2 leather armour
rPois   .            (helmet restricted)
rElec   .            (no cloak)
rCorr   .            (no gloves)
SInv    .            (no boots)
Will    .....        (no amulet)
Stlth   +            (no ring)
HPRegen 0.24/turn    (no ring)
MPRegen 0.08/turn

%: no passive effects
@: no status effects
A: antennae 1
a: Renounce Religion


You were on level 1 of the Dungeon.
You worshipped Xom.
You were a plaything of Xom.
You visited 1 branch of the dungeon, and saw 1 of its levels.

You collected 9 gold pieces.

Inventory:

Hand Weapons
 a - a +0 hand axe of chaos (weapon)
Armour
 b - a +2 leather armour (worn)
Magical Staves
 e - a staff of conjuration
Scrolls
 c - a scroll of butterflies
 d - a scroll of poison {unknown}
 g - a scroll of brand weapon {unknown}
Potions
 f - a potion of attraction {unknown}


   Skills:
 * Level 3.1 Fighting
 * Level 2.8 Axes
 + Level 0.0(1.6) Polearms
 * Level 1.8 Armour
 * Level 1.0 Dodging
 + Level 0.1 Stealth
 * Level 0.2 Unarmed Combat
 * Level 0.2 Spellcasting
 + Level 0.0 Conjurations
 + Level 0.0 Evocations


You had one spell level left.
You didn't know any spells.
Your spell library was empty.

Dungeon Overview and Level Annotations

Branches:
Dungeon (1/15)

Altars:


Innate Abilities, Weirdness & Mutations

You have a pair of small antennae on your head.


Message History

Xom is getting BORED.
There is a stone staircase leading down here.
A rat comes into view.
The rat squeaks loudly.
A rat is nearby!
The rat bites you but does no damage.
You barely miss the rat. The rat completely misses you.
You closely miss the rat. The rat bites you.
You hit the rat. You freeze the rat.
You kill the rat!
No target in view!
No target in view!
No target in view!
No target in view!
No target in view!
No target in view!
No target in view!
No target in view!
g - a scroll labelled YFABLO ASKURCHO A giant cockroach comes into view.
You see here a rat corpse.
A giant cockroach is nearby!
You hit the giant cockroach.
The acid corrodes the giant cockroach!
The giant cockroach is severely wounded.
The giant cockroach bites you but does no damage.
The giant cockroach barely misses you.
You barely miss the giant cockroach.
The giant cockroach is severely wounded.
The giant cockroach closely misses you.
You closely miss the giant cockroach.
The giant cockroach is severely wounded.
The giant cockroach closely misses you.
You slash the giant cockroach!
You kill the giant cockroach!
Your Dodging skill increases to level 1!
You have reached level 2!
Your demonic ancestry asserts itself...
A pair of antennae grows on your head!
Xom is mildly amused.
Are you sure you want to abandon this character and quit the game? (Confirm with "yes".)

##### ...... ......# #
......######$
.......##... ## .
#.....#.###.... ...
#.......†...#
....##......@# .#
.......##†#..# .#
#.........# #.# ##
######....##### #..##.#
#........>.#### ..##..#
#...####........##.#...
#.## #.>##.##....#.# #.
#...#..###....# .
##.....###..######


There were no monsters in sight!

Vanquished Creatures
  An endoplasm (D:1)
  A giant cockroach (D:1)
  2 goblins (D:1)
  A bat (D:1)
  2 frilled lizards (D:1)
  A kobold (D:1)
  A rat (D:1)
9 creatures vanquished.

Notes
Turn   | Place    | Note
-------+----------+-------------------------------------------
     0 | D:1      | ezpacito the Demonspawn Chaos Knight began the quest for
                  | the Orb.
     0 | D:1      | Reached XP level 1. HP: 18/18 MP: 1/1
    25 | D:1      | Found a faded altar of an unknown god.
    72 | D:1      | XOM: butterfly on damage
   175 | D:1      | XOM: silly message
   223 | D:1      | Reached skill level 1 in Dodging
   223 | D:1      | Gained mutation: You have a pair of small antennae on your
                  | head. [demonic ancestry]
   223 | D:1      | Reached XP level 2. HP: 24/24 MP: 2/2
   223 | D:1      | Quit the game

Illustrated notes

Levels and vault maps discovered:
D:1:      psy_arrival_fountain, layout_rooms, chequers_ecumenical_altar_simple

Skill      XL: |  1 |
---------------+----+-----
Dodging        | 1 |  1.0
Fighting       | |  3.1
Axes           | |  2.8
Armour         | |  1.8
Stealth        | |  0.1
Unarmed Combat | |  0.2
Spellcasting   | |  0.2

Action                     || total
---------------------------++-------
  Melee: Hand axe          ||    25
 Armour: Leather armour    ||    13
  Dodge: Dodged            ||    10

Table legend: (Time is in decaauts)
 A = Elapsed time spent in this place.
 B = Non-inter-level travel time spent in this place.
 C = Inter-level travel time spent in this place.
 D = Time resting spent in this place.
 E = Time spent auto-exploring this place.
 F = Levels seen in this place.
 G = Mean time per level.
                   A        B        C        D        E       F      G
               +--------+--------+--------+--------+--------+-----+--------+
         Total |    227 |    223 |      4 |      0 |    154 |   1 |  227.0 |
       Dungeon |    227 |    223 |      4 |      0 |    154 |   1 |  227.0 |
               +--------+--------+--------+--------+--------+-----+--------+

Top non-repeatable levels by time:
     D:1: 227 daAuts
